 Dungeon Crawl Stone Soup version 0.29-a0-284-gf9362112df (webtiles) character file.

Game seed: 11484613811598908140

1298 gzilladon the Grappler (level 8, -1/75 HPs)
             Began as a Troll Berserker on Mar 23, 2022.
             Was a Priest of Trog.
             Slain by Erica
             ... wielding a +1 scimitar of flaming
              (6 damage)
             ... on level 8 of the Dungeon.
             The game lasted 00:23:36 (3122 turns).

gzilladon the Grappler (Troll Berserker)            Turns: 3122, Time: 00:23:37

Health: -1/75      AC:  5    Str: 28    XL:     8   Next: 31%
Magic:  7/7        EV: 14    Int:  3    God:    Trog [***...]
Gold:   292        SH:  0    Dex:  9    Spells: 7/7 levels left

rFire   . . .      SeeInvis .     - Unarmed
rCold   . . .      Faith    .   (no shield)
rNeg    . . .      Spirit   .   t - +1 robe {Will+}
rPois   .          Reflect  .   (helmet restricted)
rElec   .          Harm     .   (no cloak)
rCorr   .          Rampage  .   (gloves unavailable)
Will    +....                   (boots unavailable)
Stlth   ++........              (no amulet)
HPRegen 1.02/turn               k - +4 ring of evasion
MPRegen 0.10/turn               (no ring)

@: slowed, very slow
A: large, unfitting armour, claws 3, regeneration 1, shaggy fur 1, tough skin 1
a: Renounce Religion, Berserk, Trog's Hand


You were on level 8 of the Dungeon.
You worshipped Trog.
Trog was most pleased with you.
You visited 1 branch of the dungeon, and saw 7 of its levels.

You collected 292 gold pieces.

Inventory:

Missiles
 b - 85 stones (quivered)
 w - 4 poisoned darts
Armour
 a - a +0 animal skin
 c - a +0 pair of boots
 d - a +0 chain mail
 i - a +0 leather armour
 q - a +0 robe
 t - a +1 robe of willpower (worn)
 B - a +2 helmet
Jewellery
 k - a +4 ring of evasion (left claw)
 r - a ring of protection from cold
 y - a ring of magical power
Wands
 v - a wand of polymorph (12)
 x - a wand of digging (6)
 z - a wand of acid (6)
Scrolls
 e - a scroll of blinking {unknown}
 g - a scroll of immolation {unknown}
 j - 4 scrolls of identify {unknown}
 m - 2 scrolls of magic mapping {unknown}
 n - a scroll of teleportation {unknown}
 u - a scroll of noise {unknown}
 A - a scroll of amnesia {unknown}
 C - a scroll of enchant weapon {unknown}
Potions
 f - 2 potions of degeneration {unknown}
 h - 2 potions of ambrosia {unknown}
 l - a potion of brilliance {unknown}
 o - a potion of attraction {unknown}
 p - 3 potions of curing {unknown}
 s - a potion of magic {unknown}


   Skills:
 + Level 3.5 Fighting
 + Level 4.5 Dodging
 + Level 1.8 Stealth
 + Level 8.3 Unarmed Combat


You had 7 spell levels left.
You didn't know any spells.
Your spell library contained the following spells:

 Spells                   Type           Power      Damage    Failure   Level
 Poisonous Vapours        Pois/Air       0%         N/A       67%         2
 Conjure Flame            Conj/Fire      0%         6-21      88%         3
 Ignite Poison            Fire/Tmut/Pois 0%         N/A       88%         3
 Portal Projectile        Hex/Tloc       0%         N/A       88%         3
 Cause Fear               Hex            0%         N/A       99%         4
 Fulminant Prism          Conj/Hex       0%         3d6       99%         4
 Hailstorm                Conj/Ice       0%         3d3       99%         4
 Ice Form                 Ice/Tmut       0%         N/A       99%         4
 Sticky Flame             Conj/Fire      0%         2d3       99%         4
 Alistair's Intoxication  Tmut/Pois      0%         N/A       100%        5


Dungeon Overview and Level Annotations

Branches:
Dungeon (8/15)
 Temple: D:4-7         Lair: D:8-11

Altars:
Hepliaklqana
Kikubaaqudgha
Uskayaw
Wu Jian
Xom
Zin

Annotations:
D:8 Erica


Innate Abilities, Weirdness & Mutations

You are too large for most types of armour.
You have claws for hands.
Your natural rate of healing is unusually fast.
You are covered in fur. (AC +1)
You have tough skin. (AC +1)


Message History

You claw the bullfrog!
You kill the bullfrog!
Trog accepts your kill. The centaur hits you. The centaur barely misses you.
The centaur hits you.
The centaur kicks you but does no damage.
The centaur barely misses you.
The centaur kicks you but does no damage.
You see here a bullfrog corpse.
You mangle the centaur!!
You kill the centaur!
Trog accepts your kill.
You see here a +0 shortbow.
Found a stone staircase leading down.
Saving game... please wait.
Welcome back, gzilladon the Troll Berserker.
Trog says: Kill them all!
Press ? for a list of commands and other information.
Found 23 stones.
Found a scroll labelled BEYREUXEXTA.
b - 85 stones (gained 23) Erica the Fiery-Tempered comes into view.
She is wielding a +1 scimitar of flaming.
Erica shouts!
Erica casts a spell at you.
You feel yourself slow down.
Erica casts a spell.
Erica flickers and vanishes!
Deactivating autopickup; reactivate with Ctrl-A.
You hear some strange, mumbled words.
Something tries to affect you, but you resist.
You miss something. Something hits you! Something burns you.
Something hits you. Something burns you.
You mangle something!! Something hits you. Something burns you.
You miss something. Something hits you! Something burns you.
Something hits you! Something burns you.
* * * LOW HITPOINT WARNING * * *
Something hits you!
* * * LOW HITPOINT WARNING * * *
Something burns you.
You die...

### ####.. #
....#####.#
#..#.?.#.#
#........# ...
...###........#
..#
#............#
..#
######.......#
..# #.#@..#.#
..# #.......#
.### ##.....##
...##. #.#.#.#
.#... #.#.#.#
....# #...#.#
#.#.# #.###.#
##..# #.....#
#.#.# #.#####


There were no monsters in sight!

Vanquished Creatures
  Sigmund (D:4)
  2 ice beasts (D:6)
  2 black bears (D:5)
  4 centaurs
  An ogre (D:6)
  A bullfrog (D:8)
  2 hounds (D:5)
  A jelly (D:5)
  An iguana (D:6)
  8 gnolls
  5 adders
  A shadow imp (D:8)
  An ufetubus (D:6)
  A worm (D:3)
  A dart slug (D:2)
  8 orcs
  5 endoplasms
  4 giant cockroaches
  3 goblins
  4 hobgoblins
  7 jackals
  3 kobolds
  3 quokkas
  3 ball pythons
  2 bats (D:2)
  3 frilled lizards
  4 rats
81 creatures vanquished.

Notes
Turn   | Place    | Note
-------+----------+-------------------------------------------
     0 | D:1      | gzilladon the Troll Berserker began the quest for the Orb.
     0 | D:1      | Reached XP level 1. HP: 22/22 MP: 0/0
   181 | D:1      | Reached XP level 2. HP: 27/29 MP: 1/1
   437 | D:1      | Found a faded altar of an unknown god.
   735 | D:2      | Reached XP level 3. HP: 36/36 MP: 2/2
   985 | D:3      | Found a faded altar of an unknown god.
   990 | D:3      | Reached ** piety under Trog
   993 | D:3      | Found a shimmering altar of Xom.
  1184 | D:3      | Reached XP level 4. HP: 44/44 MP: 3/3
  1268 | D:3      | Got the Collected Works on the Oath
  1609 | D:4      | Reached skill level 4 in Unarmed Combat
  1704 | D:4      | Noticed Sigmund
  1724 | D:4      | Killed Sigmund
  1725 | D:4      | Reached skill level 5 in Unarmed Combat
  1725 | D:4      | Reached XP level 5. HP: 47/53 MP: 4/4
  1725 | D:4      | Reached XP level 6. HP: 54/61 MP: 5/5
  1843 | D:5      | Entered Level 5 of the Dungeon
  1921 | D:5      | Found a glowing silver altar of Zin.
  1932 | D:5      | Found a hide-covered altar of Uskayaw.
  1946 | D:5      | Found an ornate altar of the Wu Jian Council.
  1951 | D:5      | Found a hazy altar of Hepliaklqana.
  2034 | D:5      | Reached skill level 6 in Unarmed Combat
  2109 | D:5      | Reached skill level 1 in Stealth
  2109 | D:5      | Reached XP level 7. HP: 67/67 MP: 6/6
  2294 | D:5      | Found an ancient bone altar of Kikubaaqudgha.
  2346 | D:5      | Got the Grimoire of Cold and Intoxication
  2465 | D:6      | Reached skill level 7 in Unarmed Combat
  2749 | D:6      | Reached *** piety under Trog
  2750 | D:6      | Reached XP level 8. HP: 57/75 MP: 7/7
  2815 | D:6      | You fall into a shaft and drop 2 floors!
  2837 | D:8      | Reached skill level 8 in Unarmed Combat
  3113 | D:8      | Noticed Erica
  3122 | D:8      | Slain by Erica

Illustrated notes

Levels and vault maps discovered:
D:1:      grunt_arrival_crossed_arrows, layout_basic,
          shapermc_ecumenical_altar_notcrosses
D:2:      layout_loops_ring, serial_rivers, chequers_serial_rivers_micro_c,
          chequers_serial_rivers_small_a, chequers_serial_rivers_micro_b,
          chequers_serial_rivers_large_b
D:3:      layout_loops_corners, nicolae_overflow_ecumenical_swirl
D:4:      layout_basic, eino_tiny_chamber, chequers_serial_rivers_small_a,
          uniq_sigmund
D:5:      layout_basic, mainiacjoe_overflow_cross_hatched,
          grunt_temple_overflow_cloverleaf
D:6:      cheibrodos_barr_body, layout_loops_ring,
          amethyst_overflow_temple_binary, kennysheep_boxes, uniq_blork_the_orc,
          uniq_duvessa
D:8:      layout_loops_cross, grunt_lair_entry_orc_guard_hut, uniq_erica,
          uniq_grum

Skill      XL: |  1  2  3  4  5  6  7  8 |
---------------+-------------------------+-----
Dodging        | 3 4 |  4.5
Unarmed Combat | 5 6 7 8 |  8.3
Fighting       | 3 |  3.5
Stealth        | 1 |  1.8

Action                   |  1- 3 |  4- 6 |  7- 9 || total
-------------------------+-------+-------+-------++-------
Melee: Unarmed           |    84 |    67 |    48 ||   199
       Punch             |       |     4 |     3 ||     7
 Stab: Sleeping          |     1 |     1 |     1 ||     3
Armor: Animal skin       |    19 |     4 |       ||    23
       Robe              |       |     7 |    11 ||    18
Dodge: Dodged            |    37 |    48 |    39 ||   124

Table legend: (Time is in decaauts)
 A = Elapsed time spent in this place.
 B = Non-inter-level travel time spent in this place.
 C = Inter-level travel time spent in this place.
 D = Time resting spent in this place.
 E = Time spent auto-exploring this place.
 F = Levels seen in this place.
 G = Mean time per level.
                   A        B        C        D        E       F      G
               +--------+--------+--------+--------+--------+-----+--------+
         Total |   3106 |   3029 |     77 |      0 |      0 |   7 |  443.7 |
       Dungeon |   3106 |   3029 |     77 |      0 |      0 |   7 |  443.7 |
               +--------+--------+--------+--------+--------+-----+--------+

Top non-repeatable levels by time:
     D:1: 616 daAuts
     D:5: 603 daAuts
     D:3: 480 daAuts
     D:4: 388 daAuts
     D:6: 360 daAuts
     D:2: 349 daAuts
     D:8: 307 daAuts
